2344 views
Uploaded 2023-10-12 00:25:01
Game version 1.36 (6115)
42:22 long 2on2 ladder game on (4)PhantomGrove_S2_v2.0
Saved by GIGA
2344 views
Uploaded 2023-10-12 00:25:01
Game version 1.36 (6115)
42:22 long 2on2 ladder game on (4)PhantomGrove_S2_v2.0


131 units @ 16.8k
/ 2.2k
58 buildings @ 10.2k
/ 5k

x1)
| Healing Salve | 3 | 300 |
| Scroll of Speed | 1 | 50 |
| Lesser Clarity Potion | 3 | 210 |
| Potion of Mana | 2 | 400 |
| Orb of Lightning | 1 | 375 |
| Scroll of Town Portal | 7 | 2450 |
| Potion of Lesser Invulnerability | 1 | 150 |
| Tome of Retraining | 1 | 300 |
| Boots of Speed | 1 | 250 |
| Anti-magic Potion | 1 | 100 |
| total: | 21 | 4585g |
| Peon | 30 | 2250 | / | 0 |
| Grunt | 5 | 1000 | / | 0 |
| Tauren | 4 | 1120 | / | 320 |
| Troll Batrider | 17 | 2720 | / | 680 |
| Kodo Beast | 2 | 510 | / | 120 |
| Troll Headhunter | 7 | 980 | / | 140 |
| total: | 65 | 8580g | / | 1260w |
| Watch Tower | 3 | 330 | / | 240 |
| Altar of Storms | 1 | 180 | / | 50 |
| Barracks | 3 | 540 | / | 150 |
| Orc Burrow | 10 | 1600 | / | 400 |
| War Mill | 1 | 205 | / | 0 |
| Voodoo Lounge | 1 | 130 | / | 30 |
| Great Hall | 3 | 1155 | / | 555 |
| Tauren Totem | 2 | 270 | / | 310 |
| Beastiary | 3 | 435 | / | 420 |
| Stronghold | 1 | 315 | / | 190 |
| Fortress | 1 | 325 | / | 190 |
| total: | 27 | 4845g | / | 2155w |
| 0:02 | Peon |
| 0:02 | Peon |
| 0:19 | Altar of Storms |
| 0:22 | Barracks |
| 0:29 | Orc Burrow |
| 0:39 | Peon |
| 0:55 | Peon |
| 1:05 | Peon |
| 1:23 | Grunt |
| 1:38 | Orc Burrow |
| 1:48 | Grunt |
| 2:10 | War Mill |
| 2:18 | Feral Spirit |
| 2:31 | Peon |
| 2:37 | Grunt |
| 3:05 | Peon |
| 3:05 | Peon |
| 3:17 | Grunt |
| 3:25 | Voodoo Lounge |
| 3:48 | Chain Lighting |
| 3:52 | Stronghold |
| 4:03 | Watch Tower |
| 4:07 | Spiked Barricades |
| 5:04 | Orc Burrow |
| 5:07 | Great Hall |
| 5:40 | Chain Lighting |
| 5:54 | Grunt |
| 6:35 | Pillage |
| 6:52 | Healing Salve |
| 6:53 | Healing Salve |
| 7:11 | Scroll of Speed |
| 7:25 | Fortress |
| 7:31 | Tauren Totem |
| 7:34 | Tauren Totem |
| 7:39 | Watch Tower |
| 7:41 | Watch Tower |
| 8:14 | Lesser Clarity Potion |
| 8:16 | Scroll of Town Portal |
| 8:21 | Peon |
| 8:21 | Peon |
| 8:22 | Peon |
| 8:22 | Peon |
| 8:22 | Peon |
| 8:41 | Peon |
| 8:41 | Peon |
| 8:41 | Peon |
| 8:42 | Peon |
| 9:21 | Peon |
| 9:27 | Steel Ranged Weapons |
| 9:28 | Reinforced Defenses |
| 9:48 | Peon |
| 9:48 | Peon |
| 9:48 | Peon |
| 9:48 | Peon |
| 9:55 | Orc Burrow |
| 9:57 | Orc Burrow |
| 9:59 | Tauren |
| 11:15 | Tauren |
| 11:18 | Pulverize |
| 11:22 | Beastiary |
| 12:09 | Beastiary |
| 13:34 | Potion of Lesser Invulnerability |
| 13:45 | Great Hall |
| 14:03 | Feral Spirit |
| 14:42 | Great Hall |
| 15:15 | Tauren |
| 15:29 | Troll Batrider |
| 15:29 | Troll Batrider |
| 15:31 | Troll Batrider |
| 15:38 | Chain Lighting |
| 15:42 | Orc Burrow |
| 15:45 | Orc Burrow |
| 16:05 | Berserker Upgrade |
| 16:06 | Troll Regeneration |
| 16:23 | Steel Melee Weapons |
| 16:23 | Steel Armor |
| 16:36 | Peon |
| 16:36 | Peon |
| 16:36 | Peon |
| 16:36 | Peon |
| 16:43 | Peon |
| 16:43 | Peon |
| 16:43 | Peon |
| 16:43 | Peon |
| 17:04 | Tauren |
| 17:36 | Troll Batrider |
| 17:41 | War Drums Damage Increase |
| 17:41 | Kodo Beast |
| 18:59 | Troll Batrider |
| 19:00 | Troll Batrider |
| 19:00 | Troll Batrider |
| 19:53 | Troll Batrider |
| 19:56 | Beastiary |
| 21:48 | Potion of Mana |
| 21:48 | Lesser Clarity Potion |
| 21:51 | Scroll of Town Portal |
| 21:52 | Orb of Lightning |
| 21:54 | Potion of Mana |
| 22:53 | Scroll of Town Portal |
| 23:02 | Troll Batrider |
| 23:04 | Troll Batrider |
| 23:35 | Orc Burrow |
| 23:36 | Orc Burrow |
| 23:37 | Orc Burrow |
| 28:44 | Lesser Clarity Potion |
| 28:47 | Healing Salve |
| 28:51 | Scroll of Town Portal |
| 29:18 | Tome of Retraining |
| 29:18 | Retrain Hero |
| 29:20 | Chain Lighting |
| 29:20 | Chain Lighting |
| 29:21 | Far Sight |
| 29:21 | Far Sight |
| 30:10 | Earth Quake |
| 31:27 | Troll Batrider |
| 31:28 | Troll Batrider |
| 31:37 | Kodo Beast |
| 31:38 | Troll Batrider |
| 31:40 | Troll Batrider |
| 32:31 | Scroll of Town Portal |
| 34:07 | Scroll of Town Portal |
| 36:02 | Boots of Speed |
| 37:22 | Anti-magic Potion |
| 38:45 | Scroll of Town Portal |
| 39:26 | Troll Batrider |
| 39:26 | Troll Batrider |
| 39:26 | Troll Batrider |
| 40:11 | Feral Spirit |
| 41:06 | Troll Headhunter |
| 41:06 | Troll Headhunter |
| 41:06 | Troll Headhunter |
| 41:07 | Troll Headhunter |
| 41:07 | Troll Headhunter |
| 41:07 | Troll Headhunter |
| 41:08 | Troll Headhunter |
| 41:13 | Barracks |
| 41:15 | Barracks |
| Right click | 2021 |
| Select group | 537 |
| Select | 534 |
| Build/train/purchase | 185 |
| Use ability | 101 |
| Assign group | 34 |
| Item give/drop | 16 |
| Remove unit | 7 |
| Misc. action | 6 |
| Minimap ping | 4 |
| Chat | 4 |

x1)
| Moonstone | 2 | 100 |
| Lesser Clarity Potion | 2 | 140 |
| Orb of Venom | 1 | 325 |
| Anti-magic Potion | 2 | 200 |
| Scroll of Town Portal | 8 | 2800 |
| Scroll of Healing | 1 | 250 |
| Staff of Teleportation | 1 | 150 |
| Potion of Lesser Invulnerability | 4 | 600 |
| Tome of Retraining | 1 | 300 |
| Boots of Speed | 1 | 250 |
| Orb of Lightning | 1 | 375 |
| Scroll of Speed | 1 | 50 |
| total: | 25 | 5540g |
| Wisp | 36 | 2160 | / | 0 |
| Archer | 15 | 1950 | / | 150 |
| Huntress | 5 | 975 | / | 100 |
| Chimaera | 9 | 2970 | / | 630 |
| Glaive Thrower | 1 | 210 | / | 65 |
| total: | 66 | 8265g | / | 945w |
| Ancient Protector | 9 | 1215 | / | 720 |
| Altar of Elders | 1 | 180 | / | 50 |
| Moon Well | 8 | 1440 | / | 320 |
| Ancient of War | 3 | 450 | / | 180 |
| Ancient of Wonders | 1 | 90 | / | 30 |
| Hunter's Hall | 1 | 210 | / | 100 |
| Tree of Life | 3 | 1020 | / | 555 |
| Ancient of Lore | 2 | 310 | / | 290 |
| Chimaera Roost | 3 | 420 | / | 570 |
| Tree of Ages | 1 | 320 | / | 180 |
| Tree of Eternity | 1 | 330 | / | 200 |
| total: | 31 | 5335g | / | 2815w |
| 0:02 | Wisp |
| 0:02 | Wisp |
| 0:07 | Altar of Elders |
| 0:10 | Moon Well |
| 0:22 | Wisp |
| 0:31 | Wisp |
| 0:43 | Wisp |
| 0:59 | Ancient of War |
| 1:06 | Wisp |
| 1:06 | Wisp |
| 1:27 | Moon Well |
| 1:30 | Moon Well |
| 1:37 | Wisp |
| 1:37 | Wisp |
| 1:41 | Ancient of Wonders |
| 1:59 | Moon Well |
| 2:03 | Archer |
| 2:09 | Mana Burn |
| 2:24 | Moon Well |
| 2:36 | Archer |
| 3:07 | Archer |
| 3:07 | Archer |
| 3:19 | Hunter's Hall |
| 4:00 | Tree of Life |
| 4:23 | Huntress |
| 4:23 | Huntress |
| 4:28 | Evasion |
| 4:46 | Ancient of War |
| 5:36 | Huntress |
| 5:36 | Huntress |
| 5:44 | Tree of Ages |
| 6:19 | Moon Well |
| 6:22 | Wisp |
| 6:22 | Wisp |
| 6:22 | Wisp |
| 6:22 | Wisp |
| 6:30 | Sentinel |
| 7:11 | Immolation |
| 7:45 | Huntress |
| 8:03 | Moonstone |
| 8:03 | Lesser Clarity Potion |
| 8:11 | Wisp |
| 8:11 | Wisp |
| 8:11 | Wisp |
| 8:11 | Wisp |
| 8:14 | Wisp |
| 8:14 | Wisp |
| 8:14 | Wisp |
| 8:14 | Wisp |
| 8:18 | Scroll of Town Portal |
| 8:52 | Staff of Teleportation |
| 8:52 | Potion of Lesser Invulnerability |
| 9:35 | Tree of Eternity |
| 11:15 | Ancient Protector |
| 11:17 | Ancient Protector |
| 11:18 | Ancient Protector |
| 11:24 | Ancient Protector |
| 11:25 | Wisp |
| 11:25 | Wisp |
| 11:25 | Wisp |
| 11:25 | Wisp |
| 11:25 | Wisp |
| 11:34 | Ancient Protector |
| 11:36 | Ancient Protector |
| 11:38 | Ancient Protector |
| 11:40 | Ancient Protector |
| 11:44 | Moonstone |
| 11:45 | Lesser Clarity Potion |
| 11:50 | Scroll of Town Portal |
| 11:57 | Moon Well |
| 11:58 | Moon Well |
| 12:00 | Wisp |
| 12:01 | Wisp |
| 12:02 | Wisp |
| 12:02 | Wisp |
| 12:04 | Chimaera Roost |
| 12:09 | Chimaera Roost |
| 12:18 | Wisp |
| 12:18 | Wisp |
| 12:30 | Mana Burn |
| 12:32 | Orb of Lightning |
| 12:48 | Scroll of Speed |
| 12:48 | Scroll of Town Portal |
| 13:24 | Tome of Retraining |
| 13:24 | Retrain Hero |
| 13:28 | Mana Burn |
| 13:28 | Mana Burn |
| 13:29 | Evasion |
| 13:35 | Well Spring |
| 13:35 | Ultravision |
| 13:36 | Strength of the Wild |
| 13:41 | Chimaera |
| 13:41 | Chimaera |
| 13:53 | Chimaera Roost |
| 14:16 | Chimaera |
| 14:16 | Chimaera |
| 14:39 | Wisp |
| 14:39 | Wisp |
| 14:39 | Wisp |
| 14:44 | Ancient Protector |
| 14:48 | Wisp |
| 15:15 | Chimaera |
| 15:19 | Corrosive Breath |
| 16:03 | Chimaera |
| 16:04 | Chimaera |
| 16:17 | Chimaera |
| 16:22 | Improved Strength of the Wild |
| 16:26 | Reinforced Hides |
| 16:40 | Potion of Lesser Invulnerability |
| 16:58 | Chimaera |
| 17:55 | Advanced Strength of the Wild |
| 19:25 | Mana Burn |
| 19:52 | Ancient of Lore |
| 19:54 | Ancient of Lore |
| 19:56 | Archer |
| 19:56 | Archer |
| 19:56 | Archer |
| 20:00 | Tree of Life |
| 20:08 | Ancient of War |
| 20:13 | Scroll of Town Portal |
| 20:20 | Orb of Venom |
| 20:20 | Anti-magic Potion |
| 20:28 | Archer |
| 20:28 | Archer |
| 20:29 | Marksmanship |
| 20:29 | Improved Bows |
| 20:32 | Strength of the Moon |
| 20:32 | Moon Armor |
| 21:07 | Nature's Blessing |
| 21:17 | Potion of Lesser Invulnerability |
| 21:29 | Archer |
| 21:29 | Archer |
| 23:01 | Archer |
| 23:25 | Potion of Lesser Invulnerability |
| 24:31 | Improved Strength of the Moon |
| 25:05 | Archer |
| 26:32 | Vorpal Blades |
| 26:33 | Glaive Thrower |
| 27:51 | Advanced Strength of the Moon |
| 27:51 | Improved Moon Armor |
| 28:57 | Archer |
| 30:10 | Metamorphosis |
| 31:51 | Archer |
| 31:52 | Advanced Moon Armor |
| 32:07 | Scroll of Town Portal |
| 34:42 | Scroll of Healing |
| 37:11 | Anti-magic Potion |
| 38:07 | Tree of Life |
| 39:43 | Boots of Speed |
| 40:04 | Scroll of Town Portal |
| 40:27 | Scroll of Town Portal |
| 41:09 | Scroll of Town Portal |
| Right click | 2352 |
| Select group | 1589 |
| Select | 764 |
| Build/train/purchase | 190 |
| Use ability | 70 |
| Assign group | 31 |
| Misc. action | 14 |
| Resource trade | 12 |
| Item give/drop | 10 |
| Remove unit | 8 |
97 units @ 11k
/ 1.4k
121 buildings @ 8.3k
/ 4.1k


| Scroll of Regeneration | 2 | 200 |
| Lesser Clarity Potion | 2 | 140 |
| Orb of Fire | 1 | 325 |
| Scroll of Healing | 1 | 250 |
| Boots of Speed | 1 | 250 |
| total: | 7 | 1165g |
| Peasant | 13 | 975 | / | 0 |
| Footman | 3 | 405 | / | 0 |
| Dragonhawk Rider | 16 | 3200 | / | 480 |
| Sorceress | 3 | 465 | / | 60 |
| Priest | 3 | 405 | / | 30 |
| total: | 38 | 5450g | / | 570w |
| Scout Tower | 27 | 810 | / | 540 |
| Arcane Tower | 6 | 420 | / | 300 |
| Guard Tower | 4 | 280 | / | 200 |
| Altar of Kings | 1 | 180 | / | 50 |
| Farm | 13 | 1040 | / | 260 |
| Barracks | 2 | 320 | / | 120 |
| Arcane Vault | 2 | 260 | / | 60 |
| Lumber Mill | 2 | 240 | / | 0 |
| Blacksmith | 1 | 140 | / | 60 |
| Gryphon Aviary | 1 | 140 | / | 150 |
| Workshop | 1 | 140 | / | 140 |
| Arcane Sanctum | 1 | 150 | / | 140 |
| Keep | 1 | 320 | / | 210 |
| Castle | 1 | 360 | / | 210 |
| total: | 51 | 3420g | / | 1520w |
| 0:05 | Peasant |
| 0:12 | Altar of Kings |
| 0:17 | Farm |
| 0:18 | Farm |
| 0:30 | Peasant |
| 0:30 | Peasant |
| 0:55 | Barracks |
| 0:57 | Peasant |
| 1:21 | Peasant |
| 1:21 | Peasant |
| 1:44 | Scout Tower |
| 1:45 | Peasant |
| 1:52 | Peasant |
| 1:52 | Peasant |
| 1:53 | Peasant |
| 2:00 | Footman |
| 2:05 | Farm |
| 2:07 | Peasant |
| 2:13 | Arcane Tower |
| 2:31 | Storm Bolt |
| 2:44 | Footman |
| 2:46 | Peasant |
| 3:11 | Footman |
| 3:12 | Peasant |
| 3:41 | Bash |
| 3:51 | Keep |
| 3:58 | Arcane Vault |
| 4:00 | Scout Tower |
| 4:01 | Scout Tower |
| 4:05 | Lumber Mill |
| 5:33 | Guard Tower |
| 5:35 | Scout Tower |
| 5:36 | Scout Tower |
| 5:38 | Improved Masonry |
| 5:38 | Improved Lumber Harvesting |
| 5:52 | Scout Tower |
| 5:52 | Scout Tower |
| 5:53 | Scout Tower |
| 5:54 | Scout Tower |
| 5:55 | Scout Tower |
| 5:56 | Scout Tower |
| 5:56 | Scout Tower |
| 5:57 | Scout Tower |
| 6:08 | Farm |
| 6:09 | Guard Tower |
| 6:12 | Scroll of Regeneration |
| 6:12 | Lesser Clarity Potion |
| 6:18 | Farm |
| 7:38 | Scroll of Healing |
| 7:46 | Boots of Speed |
| 7:50 | Guard Tower |
| 7:54 | Holy Light |
| 7:56 | Storm Bolt |
| 8:18 | Guard Tower |
| 9:02 | Scout Tower |
| 9:03 | Scout Tower |
| 9:03 | Scout Tower |
| 9:10 | Scroll of Regeneration |
| 9:10 | Lesser Clarity Potion |
| 9:37 | Advanced Masonry |
| 9:41 | Arcane Tower |
| 9:46 | Scout Tower |
| 9:49 | Scout Tower |
| 9:53 | Castle |
| 11:35 | Arcane Tower |
| 12:36 | Divine Shield |
| 13:05 | Imbued Masonry |
| 13:09 | Gryphon Aviary |
| 13:13 | Arcane Vault |
| 14:53 | Cloud |
| 14:53 | Dragonhawk Rider |
| 14:54 | Dragonhawk Rider |
| 14:54 | Dragonhawk Rider |
| 14:57 | Farm |
| 14:57 | Farm |
| 15:04 | Blacksmith |
| 15:08 | Farm |
| 15:08 | Farm |
| 16:39 | Bash |
| 20:01 | Dragonhawk Rider |
| 20:01 | Dragonhawk Rider |
| 20:01 | Dragonhawk Rider |
| 20:28 | Studded Leather Armor |
| 20:31 | Workshop |
| 20:50 | Lumber Mill |
| 21:27 | Barracks |
| 21:32 | Animal War Training |
| 23:20 | Arcane Sanctum |
| 23:27 | Scout Tower |
| 23:28 | Scout Tower |
| 23:29 | Scout Tower |
| 23:30 | Scout Tower |
| 23:31 | Scout Tower |
| 23:32 | Scout Tower |
| 23:32 | Scout Tower |
| 23:33 | Scout Tower |
| 23:34 | Scout Tower |
| 23:44 | Dragonhawk Rider |
| 23:44 | Dragonhawk Rider |
| 23:44 | Dragonhawk Rider |
| 23:45 | Dragonhawk Rider |
| 23:45 | Dragonhawk Rider |
| 23:46 | Dragonhawk Rider |
| 23:50 | Reinforced Leather Armor |
| 23:59 | Fragmentation Shards |
| 23:59 | Flare |
| 24:00 | Flying Machine Bombs |
| 24:00 | Flak Cannons |
| 24:11 | Arcane Tower |
| 24:22 | Arcane Tower |
| 24:32 | Magic Sentry |
| 24:33 | Sorceress Adept Training |
| 24:47 | Sorceress |
| 24:58 | Farm |
| 25:19 | Dragonhide Armor |
| 25:32 | Orb of Fire |
| 25:49 | Farm |
| 25:54 | Sorceress |
| 25:54 | Sorceress |
| 26:55 | Arcane Tower |
| 30:02 | Storm Bolt |
| 31:29 | Priest |
| 31:30 | Priest |
| 31:30 | Priest |
| 31:32 | Dragonhawk Rider |
| 31:32 | Dragonhawk Rider |
| 31:33 | Dragonhawk Rider |
| 31:33 | Dragonhawk Rider |
| 32:33 | Farm |
| 32:34 | Farm |
| 37:57 | Priest Adept Training |
| Right click | 2181 |
| Select group | 1416 |
| Select | 448 |
| Build/train/purchase | 105 |
| Use ability | 97 |
| Assign group | 33 |
| Misc. action | 13 |
| Minimap ping | 12 |
| Resource trade | 10 |
| Chat | 4 |
| Item give/drop | 3 |
| Remove unit | 2 |
| Esc | 2 |
DudeWhy
(236)
(42:08) : 


| Scroll of Regeneration | 2 | 200 |
| Orb of Fire | 2 | 650 |
| Staff of Sanctuary | 2 | 500 |
| Boots of Speed | 3 | 750 |
| Staff of Teleportation | 2 | 300 |
| total: | 11 | 2400g |
| Peasant | 31 | 2325 | / | 0 |
| Footman | 6 | 810 | / | 0 |
| Mortar Team | 3 | 540 | / | 210 |
| Flying Machine | 19 | 1900 | / | 570 |
| total: | 59 | 5575g | / | 780w |
| Scout Tower | 46 | 1380 | / | 920 |
| Arcane Tower | 3 | 210 | / | 150 |
| Guard Tower | 11 | 770 | / | 550 |
| Altar of Kings | 1 | 180 | / | 50 |
| Farm | 10 | 800 | / | 200 |
| Barracks | 1 | 160 | / | 60 |
| Lumber Mill | 1 | 120 | / | 0 |
| Town Hall | 3 | 1155 | / | 615 |
| Arcane Vault | 3 | 390 | / | 90 |
| Blacksmith | 1 | 140 | / | 60 |
| Workshop | 4 | 560 | / | 560 |
| Keep | 1 | 320 | / | 210 |
| Castle | 1 | 360 | / | 210 |
| total: | 70 | 4885g | / | 2555w |
| 0:02 | Peasant |
| 0:05 | Altar of Kings |
| 0:06 | Peasant |
| 0:19 | Farm |
| 0:21 | Barracks |
| 0:30 | Peasant |
| 0:44 | Peasant |
| 0:56 | Farm |
| 0:59 | Peasant |
| 1:16 | Peasant |
| 1:24 | Footman |
| 1:28 | Peasant |
| 1:32 | Scout Tower |
| 1:36 | Peasant |
| 1:49 | Footman |
| 1:50 | Peasant |
| 1:56 | Lumber Mill |
| 2:03 | Farm |
| 2:13 | Arcane Tower |
| 2:17 | Peasant |
| 2:25 | Storm Bolt |
| 2:35 | Peasant |
| 2:35 | Peasant |
| 2:49 | Footman |
| 2:57 | Footman |
| 3:10 | Peasant |
| 3:19 | Peasant |
| 3:53 | Bash |
| 4:15 | Town Hall |
| 4:18 | Footman |
| 4:30 | Peasant |
| 4:30 | Peasant |
| 4:44 | Arcane Vault |
| 5:31 | Scout Tower |
| 5:32 | Scout Tower |
| 5:33 | Scout Tower |
| 5:34 | Peasant |
| 5:39 | Arcane Vault |
| 5:43 | Improved Lumber Harvesting |
| 5:47 | Scout Tower |
| 5:48 | Scout Tower |
| 5:48 | Scout Tower |
| 5:48 | Scout Tower |
| 5:58 | Storm Bolt |
| 6:03 | Guard Tower |
| 6:09 | Peasant |
| 6:10 | Peasant |
| 6:12 | Peasant |
| 6:15 | Farm |
| 6:22 | Scroll of Regeneration |
| 7:47 | Footman |
| 7:49 | Keep |
| 7:50 | Blacksmith |
| 7:51 | Farm |
| 7:52 | Farm |
| 7:53 | Scout Tower |
| 7:53 | Scout Tower |
| 7:54 | Scout Tower |
| 7:54 | Scout Tower |
| 8:22 | Guard Tower |
| 8:33 | Scroll of Regeneration |
| 8:45 | Improved Masonry |
| 8:57 | Guard Tower |
| 8:59 | Guard Tower |
| 9:01 | Scout Tower |
| 9:03 | Black Gunpowder |
| 9:36 | Guard Tower |
| 9:40 | Peasant |
| 10:27 | Advanced Masonry |
| 10:30 | Castle |
| 11:17 | Workshop |
| 11:17 | Workshop |
| 11:18 | Workshop |
| 11:21 | Refined Gunpowder |
| 11:35 | Holy Light |
| 11:49 | Boots of Speed |
| 12:32 | Workshop |
| 12:33 | Flak Cannons |
| 12:34 | Flare |
| 12:38 | Iron Plating |
| 12:46 | Scout Tower |
| 12:48 | Scout Tower |
| 12:50 | Scout Tower |
| 13:02 | Bash |
| 13:16 | Flying Machine Bombs |
| 13:16 | Fragmentation Shards |
| 13:41 | Guard Tower |
| 13:42 | Peasant |
| 13:42 | Peasant |
| 13:43 | Advanced Lumber Harvesting |
| 13:55 | Imbued Gunpowder |
| 14:00 | Mortar Team |
| 14:04 | Farm |
| 14:04 | Farm |
| 14:05 | Farm |
| 14:50 | Flying Machine |
| 14:50 | Flying Machine |
| 14:50 | Flying Machine |
| 14:51 | Flying Machine |
| 14:51 | Flying Machine |
| 14:51 | Flying Machine |
| 14:51 | Flying Machine |
| 15:11 | Flying Machine |
| 15:13 | Farm |
| 15:42 | Divine Shield |
| 16:01 | Steel Plating |
| 16:02 | Flying Machine |
| 16:03 | Flying Machine |
| 16:07 | Imbued Masonry |
| 16:51 | Flying Machine |
| 16:52 | Flying Machine |
| 17:19 | Mithril Plating |
| 17:21 | Flying Machine |
| 18:48 | Holy Light |
| 19:48 | Flying Machine |
| 19:48 | Flying Machine |
| 19:49 | Flying Machine |
| 19:49 | Flying Machine |
| 19:49 | Flying Machine |
| 19:49 | Flying Machine |
| 19:51 | Studded Leather Armor |
| 20:05 | Holy Light |
| 20:24 | Town Hall |
| 20:26 | Scout Tower |
| 20:27 | Scout Tower |
| 20:28 | Scout Tower |
| 20:28 | Scout Tower |
| 20:30 | Scout Tower |
| 20:30 | Scout Tower |
| 20:31 | Scout Tower |
| 20:31 | Scout Tower |
| 20:32 | Scout Tower |
| 20:32 | Scout Tower |
| 20:33 | Scout Tower |
| 20:55 | Guard Tower |
| 21:09 | Boots of Speed |
| 21:09 | Boots of Speed |
| 21:43 | Guard Tower |
| 21:44 | Scout Tower |
| 21:45 | Scout Tower |
| 21:46 | Scout Tower |
| 21:46 | Scout Tower |
| 22:05 | Scout Tower |
| 22:06 | Scout Tower |
| 22:08 | Peasant |
| 22:08 | Peasant |
| 22:23 | Storm Bolt |
| 22:25 | Divine Shield |
| 23:05 | Guard Tower |
| 23:46 | Orb of Fire |
| 24:07 | Orb of Fire |
| 24:18 | Staff of Sanctuary |
| 25:16 | Scout Tower |
| 25:17 | Scout Tower |
| 25:18 | Scout Tower |
| 25:21 | Scout Tower |
| 25:22 | Scout Tower |
| 25:44 | Staff of Sanctuary |
| 25:54 | Guard Tower |
| 27:07 | Brilliance Aura |
| 28:55 | Town Hall |
| 28:56 | Scout Tower |
| 28:57 | Scout Tower |
| 28:58 | Scout Tower |
| 29:00 | Scout Tower |
| 29:00 | Scout Tower |
| 29:01 | Scout Tower |
| 29:02 | Scout Tower |
| 29:03 | Scout Tower |
| 29:18 | Arcane Vault |
| 29:59 | Guard Tower |
| 31:11 | Arcane Tower |
| 31:12 | Arcane Tower |
| 31:37 | Peasant |
| 32:40 | Reinforced Leather Armor |
| 33:08 | Mortar Team |
| 34:43 | Divine Shield |
| 35:21 | Staff of Teleportation |
| 35:51 | Mortar Team |
| 37:25 | Staff of Teleportation |
| 39:21 | Peasant |
| 39:21 | Peasant |
| 39:21 | Peasant |
| 39:27 | Peasant |
| 40:16 | Peasant |
| Right click | 2205 |
| Select group | 856 |
| Select | 483 |
| Build/train/purchase | 140 |
| Misc. action | 131 |
| Use ability | 112 |
| Assign group | 18 |
| Minimap ping | 18 |
| Resource trade | 16 |
| Item give/drop | 8 |
| Esc | 7 |
| Remove unit | 3 |